 Dungeon Crawl Stone Soup version 0.28-a0-1447-ga5a8893891 (webtiles) character file.

Game seed: 7735462830742010778

1305 ytrimaz the Insei (level 8, -2/52 HPs)
             Began as an Octopode Transmuter on Jan 10, 2022.
             Was an Initiate of Ashenzari.
             Killed from afar by a gargoyle (13 damage)
             ... with a stone arrow
             ... on level 6 of the Dungeon.
             The game lasted 00:08:28 (7142 turns).

ytrimaz the Insei (Octopode Transmuter)             Turns: 7142, Time: 00:08:28

Health: -2/52      AC:  2    Str: 13    XL:     8   Next: 57%
Magic:  0/15       EV: 22    Int: 18    God:    Ashenzari [......]
Gold:   330        SH:  0    Dex: 20    Spells: 6/16 levels left

rFire   . . .      SeeInvis .     - Unarmed
rCold   + . .      Faith    .   (shield currently unavailable)
rNeg    + . .      Spirit   +   (helmet currently unavailable)
rPois   .          Reflect  .   a - amulet of Anasm {Spirit rElec rCorr Str+4}
rElec   +          Harm     .   c - ring of positive energy
rCorr   +          Rampage  .   l - ring "Qungosy" {rPois rC+ rCorr Dex+3 Stlth+}
Will    .....                   (no ring)
Stlth   +++.......              (no ring)
HPRegen 0.17/turn               (no ring)
MPRegen 0.14/turn               (no ring)
                                (no ring)
                                (no ring)

@: spider-form (expiring), hasted, very quick
A: venomous fangs, almost no armour, (amphibious), 8 rings, tiny, (camouflage
1), (gelatinous body 1), (nimble swimmer 1), (tentacles)
a: End Transformation, Renounce Religion, Curse Item


You were on level 6 of the Dungeon.
You worshipped Ashenzari.
Ashenzari was noncommittal.
You were a venomous arachnid creature.
You visited 1 branch of the dungeon, and saw 6 of its levels.

You collected 330 gold pieces.

Inventory:

Jewellery
 a - the amulet of Anasm (around neck) {Spirit rElec rCorr Str+4}
   (You acquired it on level 1 of the Dungeon)

   [amulet of guardian spirit]

   It causes incoming damage to be divided between your reserves of health and
   magic.
   Str:       It affects your strength (+4).
   rElec:     It insulates you from electricity.
   rCorr:     It protects you from acid and corrosion.
 c - a ring of positive energy (left front leg)
 f - an amulet of magic regeneration
 l - the ring "Qungosy" (right front leg) {rPois rC+ rCorr Dex+3 Stlth+}
   (You acquired it on level 4 of the Dungeon)

   [ring of protection from cold]

   Dex:       It affects your dexterity (+3).
   rC:        It protects you from cold.
   rPois:     It protects you from poison.
   rCorr:     It protects you from acid and corrosion.
   Stlth:     It makes you more stealthy.
Wands
 h - a wand of flame (5)
Scrolls
 b - 4 scrolls of immolation
 d - a scroll of magic mapping
 e - 3 scrolls of teleportation
 j - a scroll of vulnerability
 k - 2 scrolls of identify
 o - a scroll of enchant armour
Potions
 g - a potion of attraction
 i - a potion of flight
 n - a potion of curing


   Skills:
 * Level 3.5 Fighting
 * Level 4.3 Dodging
 + Level 5.7 Unarmed Combat
 * Level 4.7 Spellcasting
 * Level 5.0 Transmutations
 + Level 0.2 Ice Magic
 + Level 2.3 Poison Magic


You had 6 spell levels left.
You knew the following spells:

 Your Spells              Type           Power      Damage    Failure   Level
a - Beastly Appendage     Tmut           44%        N/A       7%          1
b - Wereblood             Tmut           22%        N/A       10%         2
c - Spider Form           Tmut/Pois      17%        N/A       22%         3
d - Ice Form              Ice/Tmut       13%        N/A       65%         4

Your spell library contained the following spells:

 Spells                   Type           Power      Damage    Failure   Level
 Passwall                 Tmut/Erth      10%        N/A       21%         2
 Animate Skeleton         Necr           8%         N/A       32%         1
 Apportation              Tloc           8%         N/A       32%         1
 Sandblast                Erth           8%         2d5       32%         1
 Summon Small Mammal      Summ           16%        N/A       32%         1
 Stone Arrow              Conj/Erth      8%         3d7       61%         3


Dungeon Overview and Level Annotations

Branches:
Dungeon (6/15)
 Temple: D:4-7

Altars:
Ashenzari
Vehumet
The Shining One


Innate Abilities, Weirdness & Mutations

You are a venomous arachnid creature.
You have poisonous fangs.
You are tiny and dextrous.
Your spellcasting is less reliable in this form.
Your armour is entirely melded.
You are incapable of wielding weapons or throwing items.
You cannot wear most types of armour.
((You are amphibious.))
You can wear up to eight rings at the same time.
((Your skin changes colour to match your surroundings (Stealth+).))
((Your rubbery body absorbs attacks. (AC +1, EV +1)))
((You are camouflaged when in or above water. (Stealth+)))
((You have tentacles for arms and can constrict up to eight enemies at once.))


Message History

The stone arrow misses you.
You hit the gargoyle but do no damage.
The gargoyle is heavily damaged.
You hit the gargoyle but do no damage.
The gargoyle is heavily damaged.
The gargoyle hurls a stone arrow at you.
The stone arrow misses you.
You hit the gargoyle but do no damage.
The gargoyle is heavily damaged.
You bite the gargoyle!
The gargoyle is almost destroyed.
Your transformation is almost over.
The gargoyle hurls a stone arrow at you.
The stone arrow misses you.
You hit the gargoyle but do no damage.
The gargoyle is almost destroyed.
The gargoyle misses you.
You hit the gargoyle but do no damage.
The gargoyle is almost destroyed.
You barely miss the gargoyle.
The gargoyle is almost destroyed.
The gargoyle hurls a stone arrow at you.
The stone arrow misses you.
You barely miss the gargoyle.
The gargoyle is almost destroyed.
You hit the gargoyle.
The gargoyle is almost destroyed.
The gargoyle hits you with a +0 mace!
* * * LOW HITPOINT WARNING * * *
You hit the gargoyle but do no damage.
The gargoyle is almost destroyed.
The gargoyle hurls a stone arrow at you.
The stone arrow misses you.
You hit the gargoyle.
The gargoyle is almost destroyed.
You hit the gargoyle but do no damage.
The gargoyle is almost destroyed.
The gargoyle hurls a stone arrow at you.
The stone arrow hits you!
You die...

##...........###
.#..............#
.....##..........# #
...###..........## .#
..##.#...........# ..#
..#.............## .<.#
....(........(...##.....
#................9.....#
................s##
..................##
...............#...#
................#...##
#...###.###.....###..##
#..#.##.####....###...#
#..##.....##......##.##
#..#......##..#...#...#
....'.._.............###


You could see a gargoyle.

Vanquished Creatures
  A black bear (D:3)
  2 ice beasts
  An orc warrior (D:4)
  2 ogres
  A phantom (D:5)
  A scorpion (D:5)
  A water moccasin skeleton (D:6)
  3 electric eels (D:6)
  A centaur zombie (D:5)
  A centaur skeleton (D:5)
  2 jellies
  2 hounds
  An orc priest (D:4)
  An iguana (D:5)
  An orc wizard (D:4)
  A gnoll (D:5)
  5 adders
  4 river rats (D:3)
  3 shadow imps
  An ufetubus (D:5)
  A worm (D:2)
  4 dart slugs
  9 orcs
  4 endoplasms
  3 giant cockroaches
  4 goblins
  6 hobgoblins
  A quokka (D:5)
  7 ball pythons
  8 bats
  5 frilled lizards
  3 goblin skeletons (D:6)
  8 kobolds
  A kobold skeleton (D:6)
  3 orc zombies (D:6)
  13 rats
115 creatures vanquished.

Notes
Turn   | Place    | Note
-------+----------+-------------------------------------------
     0 | D:1      | ytrimaz the Octopode Transmuter began the quest for the
                  | Orb.
     0 | D:1      | Reached XP level 1. HP: 13/13 MP: 3/3
   198 | D:1      | Reached XP level 2. HP: 18/18 MP: 5/5
   599 | D:1      | Learned a level 2 spell: Wereblood
   737 | D:1      | Reached XP level 3. HP: 20/23 MP: 4/6
   741 | D:1      | Learned a level 3 spell: Spider Form
   842 | D:1      | Identified a scroll of acquirement
   842 | D:1      | Acquired the amulet of Anasm {Spirit rElec rCorr Str+4}
  2459 | D:2      | Reached XP level 4. HP: 21/28 MP: 5/7
  3046 | D:3      | Noticed a black bear
  3058 | D:3      | Killed a black bear
  3059 | D:3      | Reached XP level 5. HP: 31/34 MP: 2/9
  3125 | D:3      | Learned a level 4 spell: Ice Form
  3246 | D:3      | Found a faded altar of an unknown god.
  3994 | D:3      | Reached XP level 6. HP: 32/39 MP: 7/10
  4170 | D:4      | Acquired the ring "Qungosy" {rPois rC+ rCorr Dex+3 Stlth+}
  4568 | D:4      | You fall into a shaft and drop 2 floors!
  4586 | D:5      | Entered Level 5 of the Dungeon
  4678 | D:5      | Noticed an ice beast
  4689 | D:5      | Found a broken altar of Ashenzari.
  4715 | D:5      | Became a worshipper of Ashenzari the Shackled
  5316 | D:4      | Reached XP level 7. HP: 38/45 MP: 9/12
  5377 | D:4      | Reached skill level 1 in Poison Magic
  5997 | D:5      | Reached skill level 5 in Unarmed Combat
  6090 | D:5      | Reached XP level 8. HP: 42/52 MP: 9/14
  6317 | D:5      | Found a radiant altar of Vehumet.
  6370 | D:6      | Found a glowing golden altar of the Shining One.
  6812 | D:6      | Reached skill level 5 in Transmutations
  6912 | D:6      | Noticed a gargoyle
  7142 | D:6      | Killed from afar by a gargoyle

Illustrated notes

Levels and vault maps discovered:
D:1:      shiori_arrival_maze, layout_loops_corners, chequers_mini_garden
D:2:      layout_basic
D:3:      layout_basic, portal_sewer_entry_e, chequers_ecumenical_altar_twisty,
          grunt_decor_fettered, chequers_avenue, columned_hall_lemuel,
          wad_orctagon
D:4:      layout_rooms, guppyfry_early_orc_mine
D:5:      layout_rooms, nicolae_overflow_hidden_temple,
          mainiacjoe_overflow_brackets, minmay_tree_intersection
D:6:      minmay_goblin_kobold_castle, layout_cave_pools,
          mainiacjoe_overflow_24_doors, nicolae_tso_besieged_by_evil

Skill      XL: |  1  2  3  4  5  6  7  8 |
---------------+-------------------------+-----
Fighting       | 2 3 |  3.5
Spellcasting   | 3 4 |  4.7
Transmutations | 3 4 5 |  5.0
Unarmed Combat | 4 5 |  5.7
Dodging        | 3 4 |  4.3
Poison Magic   | 1 2 |  2.3
Ice Magic      | |  0.2

Action                   |  1- 3 |  4- 6 |  7- 9 || total
-------------------------+-------+-------+-------++-------
Melee: Unarmed           |    81 |   114 |   130 ||   325
       Kick              |    15 |    12 |     7 ||    34
       Constrict         |    19 |    22 |     8 ||    49
       Tentacles         |    10 |    16 |    10 ||    36
       Punch             |     4 |     1 |     4 ||     9
 Cast: Beastly Appendage |    30 |    21 |     5 ||    56
       Spider Form       |       |     5 |    10 ||    15
       Wereblood         |       |     1 |       ||     1
  Use: Scroll            |     2 |     5 |     3 ||    10
       Potion            |       |     3 |     1 ||     4
 Stab: Sleeping          |     7 |     3 |     4 ||    14
Armor: Skin              |     6 |     9 |     6 ||    21
Dodge: Dodged            |    51 |    87 |   109 ||   247

Table legend: (Time is in decaauts)
 A = Elapsed time spent in this place.
 B = Non-inter-level travel time spent in this place.
 C = Inter-level travel time spent in this place.
 D = Time resting spent in this place.
 E = Time spent auto-exploring this place.
 F = Levels seen in this place.
 G = Mean time per level.
                   A        B        C        D        E       F      G
               +--------+--------+--------+--------+--------+-----+--------+
         Total |   7114 |   6928 |    186 |   1012 |   4713 |   6 | 1185.7 |
       Dungeon |   7114 |   6928 |    186 |   1012 |   4713 |   6 | 1185.7 |
               +--------+--------+--------+--------+--------+-----+--------+

Top non-repeatable levels by time:
     D:3: 1610 daAuts
     D:1: 1484 daAuts
     D:2: 1205 daAuts
     D:5: 1173 daAuts
     D:4: 872 daAuts
     D:6: 767 daAuts
